 Dungeon Crawl Stone Soup version 0.25.1-2-g60ff931df9 (webtiles) character file.

Game seed: 2887674677135834759

13961 Johnny the Geomancer (level 11, -4/74 HPs)
             Began as a Demigod Earth Elementalist on Oct 21, 2020.
             Killed from afar by Azrael (38 damage)
             ... with damnation
             ... on level 12 of the Dungeon.
             The game lasted 00:14:06 (13491 turns).

Johnny the Geomancer (Demigod Earth Elementalist)  Turns: 13491, Time: 00:14:07

Health: -4/74      AC:  9    Str: 11    XL:     11   Next: 53%
Magic:  9/36       EV: 11    Int: 25    God:
Gold:   265        SH: 11    Dex: 16    Spells: 8/26 levels left

rFire    . . .     SeeInvis .   z - +6 flail (protect)
rCold    . . .     Gourm    .   n - +0 kite shield
rNeg     . . .     Faith    .   Q - +2 troll leather armour
rPois    .         Spirit   .   (no helmet)
rElec    .         Reflect  .   r - +0 cloak
rCorr    .         Harm     .   y - +0 pair of gloves
MR       +....                  w - +0 pair of boots
Stlth    ++........             J - amulet of the acrobat
HPRegen  0.62/turn              N - ring of magical power
MPRegen  0.25/turn              E - ring of wizardry

@: no status effects
A: high mp 1
a: no special abilities


You were on level 12 of the Dungeon.
You were very hungry.

You visited 1 branch of the dungeon, and saw 12 of its levels.
You visited 1 bazaar.

You collected 664 gold pieces.
You spent 399 gold pieces at shops.

Inventory:

Hand Weapons
 q - a +2 dagger of speed
 z - a +6 flail of protection (weapon)
 F - a +2 vampiric hand axe
Missiles
 b - 69 stones (quivered)
Armour
 n - a +0 kite shield (worn)
 r - a +0 cloak (worn)
 w - a +0 pair of boots (worn)
 y - a +0 pair of gloves (worn)
 B - a +2 leather armour of cold resistance
 Q - a +2 troll leather armour (worn)
Magical Staves
 O - an uncursed staff of conjuration {unknown}
Jewellery
 a - an uncursed amulet of reflection
 A - a +4 ring of evasion
 C - an uncursed ring of positive energy
 E - a ring of wizardry (right hand)
 G - a +6 ring of dexterity
 J - an amulet of the acrobat (around neck)
 N - a ring of magical power (left hand)
 P - an uncursed ring of positive energy
Wands
 j - a wand of disintegration (18)
 K - a wand of iceblast (6)
 L - a wand of acid (6)
Scrolls
 f - 6 scrolls of remove curse
 g - 3 scrolls of immolation
 h - a scroll of noise
 k - 9 scrolls of amnesia
 o - 5 scrolls of fog
 p - a scroll of magic mapping
 t - 8 scrolls of teleportation
 D - a scroll of brand weapon
Potions
 c - a potion of haste
 e - a potion of lignification
 i - a potion of mutation
 l - 2 potions of degeneration
 m - a potion of experience {unknown}
 s - a potion of might {unknown}
 u - a potion of ambrosia {unknown}
 v - 2 potions of stabbing {unknown}
 H - a potion of flight {unknown}
 I - 2 potions of brilliance {unknown}
 M - a potion of curing {unknown}
Comestibles
 d - 15 rations


   Skills:
 - Level 1.7 Dodging
 - Level 1.7 Stealth
 + Level 8.7 Shields
 + Level 8.4 Spellcasting
 - Level 0.8 Transmutations
 * Level 12.6 Earth Magic


You had 8 spell levels left.
You knew the following spells:

 Your Spells              Type           Power        Failure   Level  Hunger
a - Sandblast             Erth           ######       1%          1    None
b - Stone Arrow           Conj/Erth      #####.       1%          3    None
c - Lee's Rapid Deconstr  Erth           ######....   1%          5    ####...
d - Petrify               Tmut/Erth      #####...     4%          4    ##.....
e - Blink                 Tloc           N/A          11%         2    None
f - Mephitic Cloud        Conj/Pois/Air  ##......     21%         3    None

Your spell library contained the following spells:

 Spells                   Type           Power        Failure   Level  Hunger
 Passwall                 Tmut/Erth      #####...     1%          2    None
 Magic Dart               Conj           ##..         7%          1    None
 Call Imp                 Summ           ##......     11%         2    None
 Searing Ray              Conj           ##....       11%         2    None
 Slow                     Hex            ##......     11%         2    None
 Conjure Flame            Conj/Fire      ##......     21%         3    None
 Dazzling Flash           Conj/Hex       ##....       21%         3    None
 Fulminant Prism          Conj/Hex       ##........   52%         4    ##.....
 Iskenderun's Mystic Bla  Conj/Tloc      ##......     52%         4    ##.....
 Statue Form              Tmut/Erth      #####....    52%         6    ######.
 Irradiate                Conj/Tmut      ##........   82%         5    ####...
 Hydra Form               Tmut           ##........   99%         6    ######.
 Dragon Form              Tmut           ##........   100%        7    #######


Dungeon Overview and Level Annotations

Branches:
Dungeon (12/15)            Temple (0/1) D:7            Lair (0/6) D:11
    Orc (0/2) D:11

Shops:
D:10 *

Annotations:
D:12 Azrael


Innate Abilities, Weirdness & Mutations

You have an increased reservoir of magic. (+10% MP)


Message History

The sphere of damnation explodes!
The damnation engulfs you!
The damnation engulfs Azrael.
Azrael completely resists.
Evoke which item? (* to show all) (? for menu, Esc to quit)
Aiming: Corrosive Bolt
Press: ? - help, Shift-Dir - straight line The bolt of acid hits Azrael!
Azrael is splashed with acid.
Azrael seems to be corroded for longer.
Azrael is severely wounded.
Azrael hits you with a +3 scimitar of flaming!
Azrael burns you.
Evoke which item? (* to show all) (? for menu, Esc to quit)
Aiming: Corrosive Bolt
Press: ? - help, Shift-Dir - straight line The bolt of acid hits Azrael!
Azrael is splashed with acid!
Azrael seems to be corroded for longer.
Azrael is almost dead.
Azrael gestures at you.
The sphere of damnation explodes!
The damnation engulfs you!!!
Ouch! That really hurt!
You die...

*,,,,,* *.....* *..).#*
*#...# *#...# ##* *..÷.#
#.#####.)>#
#....##...#**********
#...((R@..#*,,,**,,,**
#..))######*,,,*,,,,,*
#..(°##,,,**,,,*,,,>,*
#.....#....,,,,+,,,,,*
#...(.#....,,,,*,,,,,*
#..(..#....,,,,*,,,,,*
#...R.#...#*,,,**+****
#######..°##.>.#******,,,,*
##..[.##..☼##...## *^,,,***


You could see Azrael (corroded).

Vanquished Creatures
  A centaur warrior (D:12)
  A two-headed ogre (D:10)
  Nergalle (D:10)
  2 unseen horrors
  3 deep elf magi
  A manticore (D:11)
  A cyclops (D:11)
  A komodo dragon (D:11)
  3 trolls (D:11)
  Prince Ribbit (D:5)
  2 hippogriffs
  A spriggan (D:7)
  A shadow (D:11)
  A wraith (D:10)
  A wyvern (D:8)
  6 yaks (D:9)
  A hungry ghost (D:12)
  Edmund (D:4)
  2 hell hounds
  5 orc warriors
  2 black bears
  2 phantoms
  A sky beast (D:8)
  An eye of draining (D:11)
  2 ice beasts
  7 ogres
  6 centaurs
  2 crocodiles (D:11)
  11 bullfrogs
  5 big kobolds (D:11)
  A gnoll sergeant (D:8)
  A wyvern skeleton (D:6)
  4 scorpions
  5 killer bees (D:9)
  2 howler monkeys
  2 bullfrog zombies
  7 crimson imps
  2 jellies
  3 orc priests
  2 centaur skeletons
  2 hounds
  13 orc wizards
  Crazy Yiuf (D:2)
  3 bullfrog skeletons
  5 iguanas
  9 worker ants
  A hound skeleton (D:7)
  A worker ant zombie (D:8)
  10 adders
  9 gnolls
  A shadow imp (D:11)
  An ooze (D:1)
  An adder zombie (D:7)
  An adder skeleton (D:9)
  2 dart slugs
  2 leopard geckos
  48 orcs
  5 bats
  7 giant cockroaches
  8 goblins
  3 hobgoblins (D:1)
  13 jackals
  2 quokkas
  7 frilled lizards
  3 kobolds
  2 leopard gecko skeletons
  5 rats
269 creatures vanquished.

Vanquished Creatures (others)
  A jelly (D:12)
  An orc (D:8)
  14 plants (D:11)
16 creatures vanquished.

Grand Total: 285 creatures vanquished

Notes
Turn   | Place    | Note
-------+----------+-------------------------------------------
     0 | D:1      | Johnny the Demigod Earth Elementalist began the quest for
                  | the Orb.
     0 | D:1      | Reached XP level 1. HP: 14/14 MP: 5/5
   223 | D:1      | Reached skill level 3 in Earth Magic
   395 | D:1      | Reached XP level 2. HP: 20/20 MP: 5/7
  1546 | D:2      | Reached XP level 3. HP: 22/26 MP: 6/9
  2196 | D:2      | Found a runed translucent door.
  2197 | D:2      | Noticed Crazy Yiuf
  2456 | D:2      | Killed Crazy Yiuf
  2456 | D:2      | Reached skill level 4 in Earth Magic
  2456 | D:2      | Reached XP level 4. HP: 22/33 MP: 5/10
  3046 | D:3      | Reached skill level 1 in Shields
  3257 | D:3      | Reached XP level 5. HP: 34/38 MP: 10/12
  3878 | D:4      | Noticed Edmund
  3899 | D:4      | Killed Edmund
  3899 | D:4      | Reached skill level 5 in Earth Magic
  3899 | D:4      | Reached XP level 6. HP: 35/45 MP: 6/13
  4513 | D:4      | Learned a level 3 spell: Stone Arrow
  4774 | D:4      | Reached XP level 7. HP: 47/50 MP: 15/15
  5186 | D:5      | Entered Level 5 of the Dungeon
  5308 | D:5      | Reached skill level 6 in Earth Magic
  5366 | D:5      | Noticed Prince Ribbit
  5374 | D:5      | Killed Prince Ribbit
  5613 | D:5      | HP: 2/50 [poisoned by a scorpion]
  5772 | D:5      | Reached skill level 7 in Earth Magic
  5775 | D:5      | Reached XP level 8. HP: 32/57 MP: 12/18
  6429 | D:6      | Got a tattered robe
  6440 | D:6      | Identified the +2 robe of the Orb {+Fly rN+} (You found it
                  | on level 6 of the Dungeon)
  7106 | D:7      | Found a staircase to the Ecumenical Temple.
  7113 | D:7      | Reached skill level 5 in Spellcasting
  7118 | D:7      | Reached skill level 8 in Earth Magic
  7421 | D:7      | Learned a level 5 spell: Lee's Rapid Deconstruction
  7426 | D:7      | Learned a level 4 spell: Petrify
  7679 | D:7      | Reached skill level 5 in Shields
  8095 | D:8      | Reached XP level 9. HP: 43/62 MP: 9/20
  8224 | D:8      | Reached skill level 9 in Earth Magic
  8551 | D:8      | You fall into a shaft and drop 3 floors!
  8551 | D:11     | Noticed Nergalle
  8552 | D:11     | Noticed a cyclops
  8560 | D:10     | Entered Level 10 of the Dungeon
  8563 | D:10     | Noticed a two-headed ogre
  8571 | D:10     | Killed a two-headed ogre
  8603 | D:9      | Found a sacrificial altar of Ru.
  8681 | D:9      | Reached skill level 10 in Earth Magic
  8699 | D:9      | Reached XP level 10. HP: 42/69 MP: 10/23
  8941 | D:8      | Found a stormy altar of Qazlal.
  8941 | D:8      | Found a shadowy altar of Dithmenos.
 10288 | D:10     | Killed an unseen horror
 10457 | D:10     | Found Dorellaj's Mayhem Merchandise.
 11020 | D:11     | Noticed a spectral orc warlord
 11033 | D:10     | Killed Nergalle
 11033 | D:10     | Reached skill level 11 in Earth Magic
 11160 | D:11     | Noticed a deep elf mage
 11165 | D:11     | Killed a deep elf mage
 11629 | D:11     | Killed a cyclops
 11761 | D:11     | Reached XP level 11. HP: 26/74 MP: 7/26
 12123 | D:11     | Reached skill level 12 in Earth Magic
 12234 | D:11     | Found a staircase to the Orcish Mines.
 12479 | D:11     | Found a staircase to the Lair.
 12495 | D:11     | Killed an unseen horror
 12739 | D:11     | Learned a level 2 spell: Blink
 12743 | D:11     | Learned a level 3 spell: Mephitic Cloud
 12810 | D:12     | Noticed Azrael
 12811 | D:12     | Noticed a centaur warrior
 12999 | D:12     | Killed a centaur warrior
 13015 | D:12     | Found a flickering gateway to a bazaar.
 13019 | Bazaar   | Entered a bazaar
 13140 | Bazaar   | Found Apubarur's Armour Boutique.
 13142 | Bazaar   | Found Muannuw's Gadget Shop.
 13144 | Bazaar   | Noticed an ophan
 13147 | Bazaar   | Found Iggof's Armour Shop.
 13147 | Bazaar   | Found Ymoukh's Distillery.
 13452 | Bazaar   | Bought a potion of haste for 190 gold pieces
 13452 | Bazaar   | Bought a potion of lignification for 57 gold pieces
 13452 | Bazaar   | Bought a potion of mutation for 152 gold pieces
 13491 | D:12     | Killed from afar by Azrael

Illustrated notes

Levels and vault maps discovered:
D:1:      nzn_arrival_crosshair, layout_loops_ring, minmay_misc_feat_rugged,
          hangedman_decor_peaks_small
D:2:      layout_loops_ring, minmay_misc_feat_iff, uniq_crazy_yiuf_cottage
D:3:      layout_basic, first_ration
D:4:      layout_loops_corners, chequers_big_river, uniq_edmund
D:5:      layout_basic, minmay_bent, uniq_prince_ribbit1
D:6:      layout_rooms
D:7:      layout_rooms, minmay_temple_entry_glass, the_bakery
D:8:      layout_basic, gammafunk_temple_overflow_elements, minivault_24
D:9:      layout_loops_ring, basic_altar, grunt_ministairs_10
D:10:     layout_loops_cross, kennysheep_pointless_box, minmay_shop_mayhem
D:11:     minmay_angry_zag, layout_small_grid, david_lair_shrubbed,
          kennysheep_orc_monster_closet_entryway, kennysheep_generic_room_9,
          uniq_nergalle
D:12:     layout_gridville, serial_shops, bzr_entry_dummy,
          portal_ice_cave_demonic_guard, uniq_azrael

Skill      XL: |  1  2  3  4  5  6  7  8  9 10 11 |
---------------+----------------------------------+-----
Spellcasting   | 2 3 4 5 6 7 8 |  8.4
Earth Magic    | 3 4 5 7 8 10 11 12 | 12.6
Shields        | 1 2 3 5 6 7 8 |  8.7
Dodging        | |  1.7
Stealth        | |  1.7
Transmutations | |  0.8

Action                   |  1- 3 |  4- 6 |  7- 9 | 10-12 || total
-------------------------+-------+-------+-------+-------++-------
Melee: Unarmed           |    19 |       |       |       ||    19
       Dagger            |    63 |       |       |       ||    63
       Quarterstaff      |       |    36 |       |       ||    36
       Flail             |       |    29 |   190 |   224 ||   443
 Cast: Sandblast         |    30 |    42 |   101 |    83 ||   256
       Stone Arrow       |       |       |     7 |    12 ||    19
       Lee's Rapid Decon |       |       |     1 |    27 ||    28
       Petrify           |       |       |       |     6 ||     6
Evoke: Wand              |       |       |    17 |     7 ||    24
  Use: Scroll            |       |     1 |    14 |     8 ||    23
       Potion            |       |       |     1 |     4 ||     5
 Stab: Sleeping          |     8 |       |     1 |     2 ||    11
       Confused          |       |     1 |       |       ||     1
       Petrified         |       |       |       |     5 ||     5
  Eat: Chunk             |     4 |     7 |    10 |    18 ||    39
       Ration            |       |       |     1 |     1 ||     2
Armor: Robe              |    11 |     5 |    10 |       ||    26
       Leather armour    |       |    10 |    68 |    80 ||   158
       Troll leather arm |       |       |       |    20 ||    20
Dodge: Dodged            |    60 |    52 |   174 |   214 ||   500
Block: Kite shield       |       |       |   110 |   189 ||   299
       Reflection        |       |       |     4 |       ||     4
       Other             |       |       |     2 |       ||     2
